 Dungeon Crawl Stone Soup version 0.29-a0-80-g3050e97935 (webtiles) character file.

Game seed: 15287838484887954716

23 Grim the Vexing (level 2, 0/16 HPs)
             Began as a Deep Elf Arcane Marksman on Feb 4, 2022.
             Slain by a hobgoblin (5 damage)
             ... on level 1 of the Dungeon.
             The game lasted 00:01:19 (717 turns).

Grim the Vexing (Deep Elf Arcane Marksman)           Turns: 717, Time: 00:01:20

Health: 0/16       AC:  2    Str:  7    XL:     2   Next: 72%
Magic:  6/6        EV: 12    Int: 17    God:
Gold:   57         SH:  0    Dex: 15    Spells: 3/4 levels left

rFire   . . .      SeeInvis .   (no weapon)
rCold   . . .      Faith    .   (no shield)
rNeg    . . .      Spirit   .   d - +0 robe
rPois   .          Reflect  .   (no helmet)
rElec   .          Harm     .   (no cloak)
rCorr   .          Rampage  .   (no gloves)
Will    .....                   (no boots)
Stlth   +.........              (no amulet)
HPRegen 0.05/turn               (no ring)
MPRegen 0.10/turn               (no ring)

@: no status effects
A: no striking features
a: no special abilities


You were on level 1 of the Dungeon.
You visited 1 branch of the dungeon, and saw 1 of its levels.

You collected 57 gold pieces.

Inventory:

Hand Weapons
 a - a +0 shortbow
Missiles
 g - 4 poisoned darts (quivered)
Armour
 d - a +0 robe (worn)
Scrolls
 b - a scroll of immolation {unknown}
Potions
 e - a potion of mutation {unknown}
 f - a potion of lignification {unknown}


   Skills:
 - Level 0.7 Fighting
 + Level 3.7 Bows
 - Level 2.4 Dodging
 - Level 1.5 Spellcasting
 + Level 4.7 Hexes


You had 3 spell levels left.
You knew the following spells:

 Your Spells              Type           Power      Damage    Failure   Level
a - Slow                  Hex            68%        N/A       3%          1

Your spell library contained the following spells:

 Spells                   Type           Power      Damage    Failure   Level
 Inner Flame              Hex/Fire       9%         N/A       22%         3
 Portal Projectile        Hex/Tloc       18%        N/A       22%         3
 Cause Fear               Hex            8%         N/A       28%         4


Dungeon Overview and Level Annotations

Branches:
Dungeon (1/15)

Altars:


Message History

The arrow barely misses the hobgoblin.
The jackal bites you but does no damage.
You shoot an arrow. The arrow hits the jackal.
You kill the jackal!
You shoot an arrow. The arrow closely misses the hobgoblin.
The arrow hits the endoplasm!
You kill the endoplasm!
The hobgoblin hits you.
You shoot an arrow. The arrow hits the hobgoblin.
The hobgoblin is lightly wounded.
The hobgoblin closely misses you.
You shoot an arrow. The arrow hits the hobgoblin.
The hobgoblin is heavily wounded.
The hobgoblin closely misses you.
You do not have any ammo quivered for your +0 shortbow.
You do not have any ammo quivered for your +0 shortbow.
You are now empty-handed.
The hobgoblin hits you but does no damage.
Throw: 6 darts (poison)
Press: ? - help, Q - select action, (/) - cycle Shift-Dir - straight line, f/p - hobgoblin
Aim: a hobgoblin (heavily wounded, 57% to hit)
You throw a poisoned dart. The poisoned dart hits the hobgoblin.
The hobgoblin is poisoned.
The hobgoblin is heavily wounded.
The hobgoblin hits you.
* * * LOW HITPOINT WARNING * * *
Throw: 5 darts (poison)
Press: ? - help, Q - select action, (/) - cycle Shift-Dir - straight line, f/p - hobgoblin
Aim: a hobgoblin (heavily wounded, poisoned, 57% to hit)
You throw a poisoned dart. The poisoned dart hits the hobgoblin.
The hobgoblin is heavily wounded.
The hobgoblin hits you.
* * * LOW HITPOINT WARNING * * *
You closely miss the hobgoblin.
The hobgoblin is heavily wounded.
The hobgoblin closely misses you.
You closely miss the hobgoblin.
The hobgoblin is almost dead.
The hobgoblin hits you.
You die...

........####...### ...#.
.............### ##.....
.........##### #....#...
........## ≈# ###... #.#.
........####≈###≈≈..#.(...
..........≈≈≈..≈≈..>..(((.
........≈≈..#.≈≈##(#
........#≈≈## ##g##
.####...##≈≈≈# #@##
≈≈≈≈########≈≈≈##.##
.##### #####.≈# ####.#
#..≈≈# .....# ##..#≈#
####.# #..#### #.# ##.##
#.# #..# #.# ##.##


You could see a hobgoblin (poisoned).

Vanquished Creatures
  2 endoplasms (D:1)
  2 giant cockroaches (D:1)
  2 goblins (D:1)
  2 hobgoblins (D:1)
  4 jackals (D:1)
  4 bats (D:1)
  A frilled lizard (D:1)
  A rat (D:1)
18 creatures vanquished.

Notes
Turn   | Place    | Note
-------+----------+-------------------------------------------
     0 | D:1      | Grim the Deep Elf Arcane Marksman began the quest for the
                  | Orb.
     0 | D:1      | Reached XP level 1. HP: 11/11 MP: 5/5
   190 | D:1      | Reached XP level 2. HP: 16/16 MP: 6/6
   717 | D:1      | Slain by a hobgoblin

Illustrated notes

Levels and vault maps discovered:
D:1:      minmay_arrival_open_corners, layout_rooms, serial_rivers,
          chequers_serial_rivers_room_b, chequers_serial_rivers_small_b,
          chequers_serial_rivers_micro_a, chequers_serial_rivers_micro_e,
          chequers_serial_rivers_micro_a, chequers_serial_rivers_large_b

Skill      XL: |  1 |
---------------+----+-----
Bows           | 3 |  3.7
Fighting       | |  0.7
Dodging        | |  2.4
Spellcasting   | |  1.5
Hexes          | |  4.7

Action                   || total
-------------------------++-------
Melee: Unarmed           ||    10
 Fire: Shortbow          ||    54
Throw: Dart              ||     2
 Cast: Slow              ||     1
Armor: Robe              ||    15
Dodge: Dodged            ||    41

Table legend: (Time is in decaauts)
 A = Elapsed time spent in this place.
 B = Non-inter-level travel time spent in this place.
 C = Inter-level travel time spent in this place.
 D = Time resting spent in this place.
 E = Time spent auto-exploring this place.
 F = Levels seen in this place.
 G = Mean time per level.
                   A        B        C        D        E       F      G
               +--------+--------+--------+--------+--------+-----+--------+
         Total |    727 |    727 |      0 |    182 |    370 |   1 |  727.0 |
       Dungeon |    727 |    727 |      0 |    182 |    370 |   1 |  727.0 |
               +--------+--------+--------+--------+--------+-----+--------+

Top non-repeatable levels by time:
     D:1: 727 daAuts
